 Dungeon Crawl Stone Soup version 0.21-a0-228-g14ccbf3 (webtiles) character file.

46 Gorglomux the Skirmisher (level 3, 0/30 HPs)
             Began as a Merfolk Wanderer on Aug 31, 2017.
             Slain by a worm (1 damage)
             ... on level 2 of the Dungeon.
             The game lasted 00:02:12 (1405 turns).

Gorglomux the Skirmisher (Merfolk Wanderer)         Turns: 1405, Time: 00:02:14

Health: 0/30       AC:  3    Str: 14    XL:     3   Next: 68%
Magic:  3/3        EV: 13    Int: 10    God:
Gold:   67         SH:  0    Dex: 13    Spells: 2/2 levels left

rFire    . . .     SeeInvis .   a - +2 hand axe
rCold    . . .     Gourm    .   (no shield)
rNeg     . . .     Faith    .   d - +0 robe
rPois    .         Spirit   .   (no helmet)
rElec    .         Reflect  .   U - +0 cloak
rCorr    .         Harm     .   (no gloves)
MR       .....                  (no boots)
Stlth    ++........             (no amulet)
HPRegen  0.10/turn              (no ring)
MPRegen  0.08/turn              (no ring)

@: no status effects
A: change form in water, swift swim, stealthy swim
a: no special abilities


You were on level 2 of the Dungeon.
You were hungry.

You visited 1 branch of the dungeon, and saw 2 of its levels.

You collected 67 gold pieces.

Inventory:

Hand Weapons
 a - a +2 hand axe (weapon)
 c - a +0 mace
Armour
 d - a +0 robe (worn)
 U - a +0 cloak (worn)
Scrolls
 O - a scroll of blinking {unknown}
 P - a scroll of remove curse {unknown}
 S - a scroll of fear {unknown}
 T - a scroll of teleportation {unknown}
 V - a scroll of immolation {unknown}
 X - a scroll of identify {unknown}
 Z - a scroll of enchant weapon {unknown}
Potions
 Q - a potion of curing
 R - a potion of berserk rage {unknown}
 W - 2 potions of mutation {unknown}
 Y - a potion of might {unknown}
Comestibles
 f - a bread ration
 z - a meat ration


   Skills:
 + Level 4.1 Fighting
 - Level 1.5(1.7) Axes
 - Level 1.0(1.4) Maces & Flails
 - Level 1.0 Throwing
 - Level 1.3 Armour
 + Level 3.1 Dodging
 - Level 1.1 Stealth


You had 2 spell levels left.
You didn't know any spells.

Dungeon Overview and Level Annotations

Branches:
Dungeon (2/15)

Altars:


Message History

You open the worm like a pillowcase!
The worm is moderately wounded!
The worm bites you! * * * don't die
* * * You slice the worm but do no damage!
The worm is moderately wounded!
The worm barely misses butt!
You cut the worm into ribbons!
The worm is heavily wounded!
The worm misses you!
You slice the worm like a ripe choko!
The worm is heavily wounded!
You chop the worm into pieces!
The worm is severely butt!
The worm bites you!!! * * * don't die
* * * You barely miss the worm!
The worm is heavily wounded!
The worm bites you! rip

#.......##.
#..........
#........#.
#.........#
#######..........
#..........##...#
#.############.##
####=##### #.#
#..@.....# #.#
#.##w###.# ##+##
#........# ##...#
#..#...#.#
##.....
#..###...#
##...... #...
...# #.......
##(## .....
+....... #..
..####....... ###
.## ##......


You could see a worm.

Vanquished Creatures
  3 oozes
  A dart slug (D:1)
  A leopard gecko (D:2)
  7 bats
  5 hobgoblins (D:1)
  A ball python (D:1)
  3 frilled lizards (D:1)
  2 goblins (D:1)
  3 kobolds (D:1)
  8 rats (D:1)
34 creatures vanquished.

Notes
Turn   | Place    | Note
-------+----------+-------------------------------------------
     0 | D:1      | Gorglomux the Merfolk Wanderer began the quest for the Orb.
     0 | D:1      | Gorglomux set off with: a +2 hand axe, a +0 mace, a +0 robe, a bread ration, a potion of curing
     0 | D:1      | Reached XP level 1. HP: 18/18 MP: 1/1
   438 | D:1      | Reached skill level 1 in Dodging
   455 | D:1      | Reached XP level 2. HP: 18/24 MP: 2/2
   930 | D:1      | Reached XP level 3. HP: 24/30 MP: 3/3
   997 | D:1      | Reached skill level 4 in Fighting
  1344 | D:2      | Reached skill level 3 in Dodging
  1404 | D:2      | HP: 1/30 [worm (9)]
  1405 | D:2      | Slain by a worm

Vault maps used:
D:1:      dpeg_arrival_snail
D:2:      old_standard_altar

Skill      XL: |  1  2  3 |
---------------+----------+-----
Dodging        | 1 2 3 |  3.1
Fighting       | 4 |  4.1
Axes           | |  1.5
Maces & Flails | |  1.0
Throwing       | |  1.0
Armour         | |  1.3
Stealth        | |  1.1

Action                   || total
-------------------------++-------
Melee: Hand axe          ||    99
 Stab: Sleeping          ||     2
  Eat: Chunk             ||     1
Armor: Robe              ||    23
Dodge: Dodged            ||    82

Table legend:
 A = Spawn XP
 B = Non-spawn XP
 C = Spawn XP percentage of total XP
 D = Spawn monster count
 E = Non-spawn monster count
 F = Spawn count percentage of total count
 G = Total turns spent on level
                    A         B        C        D         E        F      G
               +---------+---------+-------+---------+---------+-------+---------
         Total |      12 |      55 |  17.9 |       7 |      27 |  20.6 |  1405
               +---------+---------+-------+---------+---------+-------+---------
           D:1 |      12 |      44 |  21.4 |       7 |      24 |  22.6 |  1261
           D:2 |       0 |      11 |   0.0 |       0 |       3 |   0.0 |   144
               +---------+---------+-------+---------+---------+-------+---------
